Map: 机械城 - 天梯版

Players

Scarlett - Winner!

  • Race: Zerg Zerg
  • League: Diamond

Seventy

  • Race: Protoss Protoss
  • League: Diamond

Event: WESG 2018 Grand Finals

VOD

Have the link to the VOD?

Description

Time

  • Played on: March 12, 2019, 1:28 a.m.
  • Length: 5:24

All games in this series

Show
View Real Time Build Order
Export as new Build Order

Scarlett Zerg - Winner!

Build Orders: Hatch First 

Get SALT Encoding   

  12  0:00  Drone  
  13  0:12  Overlord  
  13  0:17  Drone  
  14  0:31  Drone x2  
  16  0:49  Hatchery  
  15  0:52  Drone  
  15  0:55  Drone  
  17  0:59  Drone  
  18  1:08  Extractor  
  17  1:14  Spawning Pool  
  17  1:18  Drone  
  17  1:21  Drone  
  18  1:28  Drone  
  20  1:40  Drone  
  20  1:49  Drone  
  21  2:01  Queen x2  
  21  2:02  Overlord, Drone  
  26  2:09  Metabolic Boost  
  26  2:12  Drone  
  26  2:14  Zergling x2  
  29  2:22  Drone  
  29  2:23  Drone  
  30  2:36  Overlord  
  30  2:37  Queen  
  30  2:43  Zergling x2  
  33  2:46  Lair  
  33  2:51  Zergling x2  
  33  2:52  Zergling x2  
  35  3:02  Zergling x4  
  37  3:09  Overlord  
  37  3:10  Zergling x2  
  37  3:11  Zergling x8  
  42  3:17  Queen  
  44  3:21  Overlord  
  44  3:27  Overlord  
  44  3:32  Zergling x2  
  44  3:33  Zergling x2  
  46  3:36  Zergling x2  
  47  3:44  Nydus Network  
  45  3:50  Zergling x6  
  46  3:58  Zergling x8  
  49  4:05  Zergling x4  
  50  4:10  Zergling x4  
  50  4:11  Zergling x2  
  53  4:20  Nydus Canal  
  53  4:23  Zergling x8  
  56  4:26  Zergling x2  
  57  4:34  Nydus Canal  
  57  4:44  Zergling x14  
  64  4:54  Zergling x2, Nydus Canal  
  64  5:05  Zergling x2  
  64  5:06  Zergling x6  
Show
View Real Time Build Order
Export as new Build Order

Seventy Protoss 

Build Orders: 1 Gate Expand 

Get SALT Encoding   

  1  0:00  Probe  
  12  0:05  Probe  
  14  0:18  Pylon  
  14  0:22  Probe  
  15  0:36  Probe  
  16  0:45  Gateway  
  16  0:48  Probe  
  17  0:50  Assimilator  
  17  0:59  Probe  
  18  1:07  Probe  
  19  1:17  Probe  
  20  1:29  Probe  
  21  1:33  Nexus  
  21  1:43  Cybernetics Core  
  21  1:47  Cybernetics Core  
  22  1:54  Probe  
  22  1:55  Assimilator  
  22  2:02  Pylon  
  22  2:06  Probe  
  23  2:13  Adept  
  23  2:25  Warp Gate  
  25  2:31  Probe, Robotics Facility  
  26  2:43  Probe  
  26  2:44  Stalker, Probe  
  28  2:55  Probe  
  28  2:56  Probe  
  31  3:07  Probe  
  31  3:08  Gateway  
  31  3:09  Probe  
  31  3:11  Warp Prism  
  33  3:19  Probe  
  34  3:25  Probe  
  34  3:26  Sentry  
  39  3:34  Probe  
  39  3:37  Probe  
  39  3:58  Immortal  
  43  4:08  Probe x2  
  45  4:15  Shield Battery  
  43  4:19  Stalker  
  43  4:22  Pylon  
  43  4:23  Pylon  
  43  4:24  Probe  
  46  4:40  Probe x2  
  46  4:44  Stalker x2  
  44  5:13  Zealot  
Tags
 
Add a new tag
Caveats
  • Supply blocks, unpowered buildings, or Contaminate may cause inaccurate times.
  • Supply counts are checked every 10 seconds.